AoeStats
← Benj. Franklin

Arena

507971478Analyzed
2v2 RM · 11d ago on Sep 20, 2026· 43m 25s· 4 players
Game mode
Random Map
Map size
Medium (4 player)
Population
200
Speed
Normal
Resources
Standard
Victory
Conquest
Starting age
Dark Age
Ending age
Imperial Age
RankedLock teamsTeams togetherTeam positionsShared explorationLock speedFull tech treeHidden civsTurbo modeCheats
Victory
Defeat
🇱🇹 Mongols · Lithuania
867
+30
🇱🇹 Aztecs · Lithuania
831
+28
🇫🇷 Poles · France
788
-13
🇫🇷 Dravidians · France
771
-13
julusss51
0:37 Loom
12:41 Feudal Age
19:23 Castle Age
17:51 Gold Mining
17:53 Stone Mining
21:42 Double-Bit Axe
28:52 Gold Mining
29:39 Stone Shaft Mining
28:49 Horse Collar
30:09 Heavy Plow
30:23 Bow Saw
30:37 Forging
30:27 Scale Mail Armor
34:59 Imperial Age
34:06 Chain Mail Armor
34:27 Iron Casting
34:12 Szlachta Privileges
34:18 Caravan
35:01 Squires
34:47 Arson
35:29 Scale Barding Armor
36:02 Wheelbarrow
35:14 Town Watch
35:07 Elite Obuch
36:27 Conscription
37:12 Plate Mail Armor
39:01 Blast Furnace
38:22 Chain Barding Armor
38:08 Fletching
39:12 Lechitic Legacy
40:30 Cavalier
41:21 Bloodlines
41:12 Husbandry
42:27 Lechitic Legacy
The Rock 49
0:47 Loom
11:56 Feudal Age
17:00 Castle Age
15:37 Town Watch
17:19 Forging
20:33 Horse Collar
20:58 Double-Bit Axe
26:25 Arson
26:41 Squires
28:25 Gambesons
30:13 Medical Corps
32:01 Wheelbarrow
31:27 Town Patrol
32:23 Fletching
33:09 Iron Casting
32:44 Thumb Ring
33:38 Bodkin Arrow
37:01 Imperial Age
36:19 Padded Archer Armor
36:25 Scale Barding Armor
36:31 Heavy Plow
36:44 Bow Saw
37:39 Hand Cart
41:07 Conscription
42:00 Husbandry
41:22 Light Cavalry
Benj. Franklin
10:06 Feudal Age
15:51 Castle Age
15:05 Double-Bit Axe
15:37 Horse Collar
22:57 Heavy Plow
22:54 Stone Mining
23:59 Gold Mining
24:57 Wheelbarrow
25:50 Stone Shaft Mining
26:51 Hand Cart
27:45 Gold Shaft Mining
28:28 Bow Saw
32:57 Imperial Age
32:37 Ballistics
32:14 Elite Skirmisher
33:37 Padded Archer Armor
33:28 Fletching
33:06 Capped Ram
33:08 Onager
35:15 Chemistry
34:50 Siege Onager
35:48 Atlatl
36:11 Siege Engineers
38:09 Bodkin Arrow
38:31 Leather Archer Armor
42:16 Pikeman
Rimtega
10:27 Feudal Age
12:23 Loom
19:36 Castle Age
18:18 Double-Bit Axe
22:31 Horse Collar
23:46 Stone Mining
24:46 Bow Saw
25:05 Gold Mining
25:19 Heavy Plow
28:40 Gold Shaft Mining
29:03 Stone Shaft Mining
28:53 Padded Archer Armor
28:43 Fletching
30:19 Wheelbarrow
30:15 Ballistics
31:21 Leather Archer Armor
31:01 Bodkin Arrow
35:38 Imperial Age
34:40 Murder Holes
36:21 Hand Cart
36:26 Siege Engineers
37:22 Chemistry
36:48 Drill
37:44 Bracer
38:05 Onager
40:41 Chemistry
41:09 Elite Mangudai
42:14 Conscription
Connection lost

Rejoining the realm…

Still unreachable

The connection could not be restored.

Session expired

The server has moved on; the page needs a fresh start.